Map: Lost and Found LE

Players

Brownie - Winner!

  • Race: Zerg Zerg
  • League: Master
  • Spawn Location: 7:00

Marzbar

  • Race: Zerg Zerg
  • League: Diamond
  • Spawn Location: 1:00

VOD

Have the link to the VOD?

Description

Time

  • Played on: June 5, 2018, 1:11 p.m.
  • Length: 9:00
Show
View Real Time Build Order
Export as new Build Order

Brownie Zerg - Winner!

Build Orders: Hatch First 

Get SALT Encoding   

  12  0:00  Drone  
  13  0:12  Overlord  
  13  0:17  Drone  
  14  0:31  Drone x2  
  14  0:34  Drone  
  17  0:45  Drone  
  18  0:54  Hatchery  
  17  0:57  Drone  
  17  1:00  Extractor  
  17  1:12  Spawning Pool  
  17  1:15  Drone  
  17  1:18  Drone  
  18  1:29  Drone  
  19  1:39  Overlord  
  19  1:59  Zergling x2  
  19  2:01  Metabolic Boost  
  20  2:03  Zergling x2  
  20  2:06  Queen x2  
  20  2:07  Zergling x2  
  26  2:11  Drone  
  27  2:17  Evolution Chamber  
  26  2:26  Zergling x2  
  26  2:27  Zergling x2  
  28  2:30  Zergling x2  
  29  2:40  Zergling x2  
  29  2:41  Zergling x2  
  29  2:43  Zerg Melee Weapons Level 1  
  31  2:50  Zergling x4  
  33  2:58  Overlord  
  33  3:04  Drone  
  34  3:11  Drone x2  
  36  3:18  Overlord  
  36  3:20  Drone x2  
  36  3:21  Drone x3  
  36  3:25  Drone  
  42  3:28  Drone  
  43  3:34  Lair  
  43  3:38  Drone  
  44  3:42  Overlord  
  44  3:47  Drone x2  
  46  3:51  Extractor  
  46  3:52  Extractor  
  44  3:55  Roach Warren  
  38  4:16  Drone x6  
  44  4:36  Roach x6  
  44  4:37  Zerg Missile Weapons Level 1  
  56  4:45  Overlord  
  56  4:47  Overlord  
  56  4:52  Glial Reconstitution  
  55  5:03  Roach x4  
  55  5:04  Roach  
  55  5:07  Roach x2  
  65  5:09  Roach  
  66  5:17  Drone x2  
  68  5:28  Roach  
  68  5:29  Roach x3  
  68  5:30  Overlord  
  76  5:48  Overlord  
  76  5:50  Overseer  
  76  5:54  Drone x6  
  76  5:55  Drone x2  
  81  6:32  Roach x5  
  91  6:41  Overlord x2  
  91  6:42  Overlord x2  
  91  6:45  Hatchery  
  90  6:47  Hatchery  
  90  6:50  Roach  
  91  6:55  Zerg Ground Armor Level 1  
  91  7:08  Overlord  
  91  7:12  Overlord  
  91  7:25  Roach x7  
  91  7:26  Roach x3  
  101  7:46  Roach x4  
  93  8:03  Drone x4  
  91  8:24  Overlord  
  91  8:32  Drone x13  
  102  8:38  Extractor  
Show
View Real Time Build Order
Export as new Build Order

Marzbar Zerg 

Build Orders: Hatch First 

Get SALT Encoding   

  12  0:01  Drone  
  13  0:13  Overlord  
  13  0:18  Drone  
  14  0:31  Drone x2  
  16  0:35  Drone  
  17  0:54  Hatchery  
  17  0:56  Drone  
  17  0:59  Drone  
  17  1:02  Extractor  
  17  1:16  Spawning Pool  
  16  1:19  Drone  
  16  1:23  Drone  
  18  1:30  Drone  
  19  1:40  Overlord  
  19  1:51  Drone  
  20  2:03  Queen  
  20  2:06  Zergling x4  
  20  2:07  Queen  
  26  2:12  Metabolic Boost  
  26  2:16  Drone  
  27  2:26  Drone  
  27  2:28  Drone  
  27  2:29  Drone  
  30  2:46  Hatchery  
  29  2:53  Drone  
  29  2:58  Drone x2  
  32  2:59  Drone  
  32  3:04  Zergling x2  
  32  3:05  Drone  
  35  3:09  Overlord  
  35  3:11  Overlord  
  35  3:21  Drone  
  38  3:30  Zergling x2  
  38  3:31  Zergling x6  
  41  3:38  Evolution Chamber  
  41  3:40  Spine Crawler  
  37  3:43  Evolution Chamber  
  37  3:44  Zergling x6  
  37  3:45  Zergling x2  
  40  3:52  Zergling x12  
  41  4:10  Zergling x6  
  44  4:18  Baneling Nest  
  44  4:19  Overlord  
  44  4:20  Zergling x2  
  44  4:34  Overlord  
  44  4:35  Drone x2  
  46  4:45  Overlord x2  
  44  4:46  Hatchery, Zergling x6  
  44  4:48  Drone  
  44  4:50  Drone  
  46  5:02  Zergling x4  
  40  5:13  Drone x2  
  41  5:16  Roach Warren  
  41  5:19  Spine Crawler  
  41  5:20  Zergling x4  
  41  5:29  Drone  
  41  5:30  Overlord  
  42  5:36  Zergling x4  
  42  5:37  Overlord, Spine Crawler  
  42  5:38  Drone  
  44  5:47  Overlord  
  44  5:49  Zergling x2  
  45  6:00  Overlord x2  
  45  6:01  Roach x2  
  43  6:21  Roach  
  43  6:22  Roach x6  
  56  6:28  Queen  
  57  6:39  Roach x4  
  65  6:41  Zerg Missile Weapons Level 1  
  65  6:50  Lair  
  65  6:51  Roach  
  65  6:53  Roach  
  69  6:56  Roach  
  69  7:01  Unknown  
  71  7:02  Extractor  
  70  7:10  Baneling x2  
  70  7:15  Roach  
  72  7:16  Roach x4  
  72  7:18  Unknown  
  80  7:37  Roach x3  
  65  7:49  Roach  
  65  7:51  Zergling x16  
  54  7:52  Zergling x6  
  51  8:01  Roach  
  53  8:09  Roach  
  49  8:13  Roach  
  49  8:14  Zergling x2  
  49  8:15  Zergling x2  
  44  8:24  Roach  
  42  8:28  Roach  
  42  8:35  Roach  
  42  8:36  Roach  
  46  8:45  Unknown  
  50  8:49  Extractor  
  50  8:52  Extractor  
Tags
 
Add a new tag
Caveats
  • Supply blocks, unpowered buildings, or Contaminate may cause inaccurate times.
  • Supply counts are checked every 10 seconds.